 Dungeon Crawl Stone Soup version 0.21.1-1-g345015f (webtiles) character file.

1521 letownia2 the Frost Mage (level 8, 0/38 HPs)
             Began as a Vine Stalker Ice Elementalist on Feb 24, 2018.
             Was a Follower of Sif Muna.
             Killed by divine providence
             ... invoked by an orc priest
              (6 damage)
             ... on level 9 of the Dungeon.
             The game lasted 00:20:35 (3146 turns).

letownia2 the Frost Mage (VSIE)                     Turns: 3146, Time: 00:20:35

Health: 0/38       AC:  9    Str: 12      XL:     8   Next: 84%
Magic:  0/16       EV: 11    Int: 17      God:    Sif Muna [*.....]
Gold:   397        SH:  0    Dex:  9 (14) Spells: 1/17 levels left

rFire    . . .     SeeInvis .   a - +0 spear (pierce)
rCold    . . .     Gourm    .   (no shield)
rNeg     . . .     Faith    .   s - +0 leather armour
rPois    .         Spirit   +   (no helmet)
rElec    .         Reflect  .   (no cloak)
rCorr    .         Harm     .   (no gloves)
MR       +....     Rnd*Tele +   (no boots)
Stlth    ++........             (no amulet)
HPRegen  0.52/turn              q - +3 ring of slaying
MPRegen  0.15/turn              F - ring of teleportation (curse)

@: icy armour, slow
A: fangs 3, regeneration 1, magic shield, antimagic bite, no potion heal 3, rot
immunity
a: Divine Energy, Renounce Religion


You were on level 9 of the Dungeon.
You worshipped Sif Muna.
Sif Muna was aware of your devotion.
You were very hungry.

You visited 2 branches of the dungeon, and saw 10 of its levels.

You collected 479 gold pieces.
You spent 82 gold pieces at shops.

Inventory:

Hand Weapons
 a - a +0 spear of piercing (weapon)
 b - a +0 dagger of pain
Armour
 f - a +0 robe
 i - a +0 ring mail
 s - a +0 leather armour (worn)
 D - a +4 ring mail
Magical Staves
 E - an uncursed staff of earth {unknown}
Jewellery
 q - a +3 ring of slaying (left hand)
 F - a cursed ring of teleportation (right hand)
Wands
 t - a wand of paralysis (10)
 B - a wand of flame (37)
Scrolls
 d - 4 scrolls of remove curse {unknown}
 e - 3 scrolls of teleportation {unknown}
 g - 7 scrolls of identify {unknown}
 h - a scroll of immolation {unknown}
 j - a scroll of amnesia {unknown}
 k - 3 scrolls of magic mapping {unknown}
 n - 5 scrolls of enchant weapon {unknown}
 y - 2 scrolls of noise {unknown}
 C - 2 scrolls of fear
 H - a scroll of fog
Potions
 m - a potion of mutation {unknown}
 o - 4 potions of curing {unknown}
 p - 2 potions of might {unknown}
 r - 3 potions of cancellation {unknown}
 u - a potion of haste {unknown}
 v - 3 potions of agility {unknown}
 w - a potion of berserk rage {unknown}
 x - 2 potions of brilliance {unknown}
 A - 4 potions of degeneration {unknown}
 G - 2 potions of resistance {unknown}
 J - a potion of ambrosia {unknown}
Books
 l - a book of Frost

   Spells                             Type                      Level
   a - Freeze                         Ice                          1
   b - Throw Frost                    Conjuration/Ice              2
   c - Ozocubu's Armour               Charms/Ice                   3
   d - Throw Icicle                   Conjuration/Ice              4
   e - Summon Ice Beast               Ice/Summoning                4
 z - a book of Conjurations

   Spells                             Type                      Level
   a - Magic Dart                     Conjuration                  1
   b - Searing Ray                    Conjuration                  2
   c - Dazzling Spray                 Conjuration/Hexes            3
   d - Fulminant Prism                Conjuration/Hexes            4
   e - Force Lance                    Conjuration/Translocation    4
   f - Iskenderun's Mystic Blast      Conjuration                  4
 I - a book of Maledictions

   Spells                             Type                      Level
   a - Corona                         Hexes                        1
   b - Ensorcelled Hibernation        Hexes/Ice                    2
   c - Confuse                        Hexes                        3
   d - Tukima's Dance                 Hexes                        3
   e - Dazzling Spray                 Conjuration/Hexes            3
Comestibles
 c - 13 rations


   Skills:
 - Level 1.7 Fighting
 - Level 1.2 Armour
 - Level 1.9 Dodging
 - Level 2.4 Stealth
 - Level 5.1 Spellcasting
 - Level 3.0 Conjurations
 - Level 2.1 Charms
 - Level 2.0 Summonings
 + Level 8.4 Ice Magic


You had one spell level left.
You knew the following spells:

 Your Spells              Type           Power        Failure   Level  Hunger
a - Freeze                Ice            ####         1%          1    None
d - Throw Icicle          Conj/Ice       ###.....     17%         4    ####...
e - Ensorcelled Hibernat  Hex/Ice        ###...       4%          2    #......
f - Throw Frost           Conj/Ice       ###...       2%          2    #......
i - Summon Ice Beast      Ice/Summ       ###.....     21%         4    ####...
o - Ozocubu's Armour      Chrm/Ice       ###.....     6%          3    ###....


Dungeon Overview and Level Annotations

Branches:
Dungeon (9/15)             Temple (1/1) D:6
   Lair: D:8-11         Orc: D:9-12

Altars:
Ashenzari
Elyvilon
Hepliaklqana
Kikubaaqudgha
Makhleb
Okawaru
Sif Muna
Vehumet
Wu Jian
The Shining One

Shops:
D:8 (*%

Annotations:
D:6 Dowan, Duvessa


Innate Abilities, Weirdness & Mutations

You have razor-sharp teeth.
Your natural rate of healing is unusually fast.
When hurt, damage is shared between your health and your magic reserves.
Your bite disrupts and absorbs the magic of your enemies.
Potions cannot restore your health.
You are immune to rotting.


Message History

The orc priest hits you with a flail.
* * * LOW HITPOINT WARNING * * *
Your ice beast hits the orc wizard but does no damage.
Unknown command.
Unknown command.
Unknown command.
Unknown command.
Unknown command.
The helpless orc warrior fails to defend itself.
You hit the orc warrior. You bite the orc warrior. You drain its power.
You feel invigorated.
The orc warrior is lightly wounded.
Something hits you.
* * * LOW HITPOINT WARNING * * *
Your ice beast hits the orc wizard.
Your ice beast freezes the orc wizard!
The orc wizard dies!
Sif Muna accepts your kill.
The orc priest mumbles some strange prayers to Beogh against you.
Beogh smites you!
You die...

#.......#.#.#.#
#.#####.#.....#
#g#####.##........###
#..........##.#####
#######...###.#
##...:##.# ####
#..._....## ...#
##......o[.# ##.#
#.......o@.#
#....⌠.Y_..##
#...........#
##._......#.#
#........#.##
###########...#..#..#
............###.###.#
#####<####### #.# #.#
#####.# #.###.#


You could see an orc warrior (paralysed), an orc priest and a friendly ice
beast.

Vanquished Creatures
  A hippogriff (D:8)
  An ice beast (D:5)
  3 ogres
  2 centaurs (D:8)
  A big kobold (D:8)
  A bullfrog (D:9)
  A scorpion (D:4)
  3 killer bees (D:9)
  A howler monkey (D:4)
  A quasit (D:9)
  A hound (D:8)
  2 jellies
  A centaur skeleton (D:5)
  2 bullfrog skeletons
  A gnoll shaman (D:7)
  A worker ant (D:8)
  A worker ant zombie (D:7)
  5 adders
  7 gnolls
  3 oozes
  An adder zombie (D:8)
  3 worms
  A dart slug (D:5)
  3 orcs
  4 giant cockroaches
  4 hobgoblins
  2 quokkas
  2 ball pythons
  3 bats
  4 frilled lizards
  6 goblins
  4 kobolds
  5 rats
81 creatures vanquished.

Vanquished Creatures (collateral kills)
  2 killer bees (D:9)
  An orc wizard (D:9)
3 creatures vanquished.

Grand Total: 84 creatures vanquished

Notes
Turn   | Place    | Note
-------+----------+-------------------------------------------
     0 | D:1      | letownia2 the Vine Stalker Ice Elementalist began the quest for the Orb.
     0 | D:1      | Reached XP level 1. HP: 9/9 MP: 4/4
   168 | D:1      | Reached XP level 2. HP: 4/13 MP: 0/6
   370 | D:2      | Reached skill level 4 in Ice Magic
   390 | D:2      | Reached XP level 3. HP: 13/16 MP: 3/7
   395 | D:2      | Learned a level 3 spell: Ozocubu's Armour
   955 | D:3      | Learned a level 2 spell: Throw Frost
   995 | D:4      | Gained mutation: Your natural rate of healing is unusually fast. [Vine Stalker growth]
   995 | D:4      | Reached XP level 4. HP: 14/21 MP: 3/8
  1094 | D:4      | Noticed an ogre
  1102 | D:4      | Killed an ogre
  1102 | D:4      | Reached XP level 5. HP: 20/24 MP: 1/9
  1166 | D:4      | Reached skill level 5 in Ice Magic
  1177 | D:4      | Reached XP level 6. HP: 15/28 MP: 3/10
  1289 | D:4      | Reached skill level 6 in Ice Magic
  1526 | D:5      | Entered Level 5 of the Dungeon
  1603 | D:5      | Found an ancient bone altar of Kikubaaqudgha.
  1727 | D:5      | Found a glowing golden altar of the Shining One.
  1788 | D:5      | Reached XP level 7. HP: 32/32 MP: 6/11
  1843 | D:5      | Reached skill level 7 in Ice Magic
  2024 | D:6      | Noticed Dowan
  2026 | D:6      | Noticed Duvessa
  2036 | D:6      | Reached skill level 1 in Fighting
  2036 | D:6      | Reached skill level 1 in Armour
  2057 | D:6      | HP: 1/33 [Duvessa/short sword (8)]
  2090 | D:6      | Found a staircase to the Ecumenical Temple.
  2100 | Temple   | Entered the Ecumenical Temple
  2139 | Temple   | Became a worshipper of Sif Muna the Loreminder
  2200 | D:6      | Learned a level 4 spell: Throw Icicle
  2450 | D:8      | Found Ikhleffol's Food Shoppe.
  2490 | D:8      | Gained mutation: You have razor-sharp teeth. [Vine Stalker growth]
  2490 | D:8      | Reached XP level 8. HP: 38/38 MP: 7/14
  2522 | D:8      | Learned a level 4 spell: Summon Ice Beast
  2574 | D:8      | Found Engyompu's Weapon Shop.
  2798 | D:8      | Noticed a hippogriff
  2809 | D:8      | Killed a hippogriff
  2809 | D:8      | Reached skill level 1 in Summonings
  2856 | D:8      | Found Joycieh's General Store.
  2861 | D:8      | Bought a scroll of fear for 52 gold pieces
  2861 | D:8      | Bought a scroll of fog for 30 gold pieces
  2879 | D:9      | Reached skill level 5 in Spellcasting
  2888 | D:9      | Found a hazy altar of Hepliaklqana.
  2890 | D:9      | Found an ornate altar of the Wu Jian Council.
  2890 | D:9      | Found an iron altar of Okawaru.
  3017 | D:9      | Learned a level 2 spell: Ensorcelled Hibernation
  3041 | D:9      | Reached skill level 8 in Ice Magic
  3046 | D:9      | Reached * piety under Sif Muna
  3146 | D:9      | Killed from afar by an orc priest

Skill      XL: |  1  2  3  4  5  6  7  8 |
---------------+-------------------------+-----
Ice Magic      | 4 5 6 7 8 |  8.4
Conjurations   | 2 3 |  3.0
Charms         | 2 |  2.1
Fighting       | 1 |  1.7
Armour         | 1 |  1.2
Spellcasting   | 3 5 |  5.1
Summonings     | 2 |  2.0
Dodging        | |  1.9
Stealth        | |  2.4

Action                   |  1- 3 |  4- 6 |  7- 9 || total
-------------------------+-------+-------+-------++-------
Melee: Unarmed           |    15 |       |       ||    15
       Bite              |     7 |    10 |    23 ||    40
       Spear             |    37 |    51 |    99 ||   187
 Cast: Freeze            |    35 |    13 |    28 ||    76
       Throw Frost       |     1 |     2 |     7 ||    10
       Ozocubu's Armour  |       |     4 |    14 ||    18
       Summon Ice Beast  |       |       |     4 ||     4
Evoke: Wand              |       |       |     4 ||     4
 Stab: Sleeping          |     4 |     3 |     4 ||    11
       Paralysed         |       |       |     1 ||     1
  Eat: Chunk             |     1 |     2 |     4 ||     7
       Ration            |       |       |     1 ||     1
Armor: Robe              |     9 |     7 |       ||    16
       Leather armour    |       |     3 |    71 ||    74
Dodge: Dodged            |    39 |    27 |    80 ||   146
